AoeStats
← tbzachary

Arena

510028448Analyzed
2v2 RM · 5d ago on Sep 29, 2026· 62m 25s· 4 players
Game mode
Random Map
Map size
Medium (4 player)
Population
200
Speed
Normal
Resources
Standard
Victory
Conquest
Starting age
Dark Age
Ending age
Imperial Age
RankedLock teamsTeams togetherTeam positionsShared explorationLock speedFull tech treeHidden civsTurbo modeCheats
Victory
Defeat
🇮🇳 Khmer · India
857
+20
🇺🇸 Khmer · United States
838
+20
🇧🇴 Italians · Bolivia
956
-28
🇭🇳 Byzantines · Honduras
920
-19
pussy noodles
10:42 Feudal Age
17:46 Castle Age
15:53 Horse Collar
16:17 Double-Bit Axe
17:10 Stone Mining
17:15 Gold Mining
28:17 Fortified Wall
29:18 Town Watch
29:43 Loom
30:33 Wheelbarrow
31:02 Stone Shaft Mining
31:02 Gold Shaft Mining
30:46 Town Patrol
30:35 Light Cavalry
31:26 Bloodlines
31:16 Husbandry
31:32 Heavy Plow
31:46 Bow Saw
31:59 Forging
31:54 Scale Barding Armor
33:04 Masonry
33:16 Ballistics
33:47 Hand Cart
36:56 Imperial Age
35:42 Iron Casting
35:27 Chain Barding Armor
36:11 Chain Barding Armor
36:02 Murder Holes
38:26 Conscription
38:15 Siege Engineers
39:11 Chemistry
38:42 Architecture
39:20 Hoardings
40:04 Blast Furnace
39:39 Plate Barding Armor
40:40 Elite Ballista Elephant
41:48 Double Crossbow
43:09 Crop Rotation
42:29 Hussar
51:10 Capped Ram
55:06 Siege Ram
tbzachary
11:12 Feudal Age
11:00 Loom
11:09 Loom
11:38 Double-Bit Axe
11:59 Horse Collar
12:16 Stone Mining
18:25 Castle Age
17:15 Bloodlines
17:14 Gold Mining
17:20 Stone Mining
18:36 Scale Barding Armor
18:42 Forging
18:58 Gold Mining
19:44 Bow Saw
27:34 Imperial Age
26:17 Husbandry
27:31 Light Cavalry
28:54 Chain Barding Armor
33:23 Iron Casting
34:23 Gold Shaft Mining
34:24 Stone Shaft Mining
38:19 Blast Furnace
39:57 Plate Barding Armor
39:58 Double Crossbow
40:24 Caravan
40:53 Heavy Plow
43:41 Ballistics
44:23 Chemistry
43:29 Siege Engineers
44:51 Tusk Swords
44:17 Elite Battle Elephant
47:31 Heavy Scorpion
51:15 Chemistry
50:21 Siege Engineers
58:20 Hussar
mateosoria0811
11:57 Feudal Age
15:52 Castle Age
13:47 Horse Collar
14:23 Double-Bit Axe
17:02 Bloodlines
17:31 Husbandry
21:15 Bow Saw
21:08 Heavy Plow
24:53 Wheelbarrow
24:07 Loom
24:23 Gold Mining
24:23 Stone Mining
24:02 Crossbowman
27:55 Stone Shaft Mining
29:40 Thumb Ring
32:30 Imperial Age
30:23 Fletching
30:36 Padded Archer Armor
30:36 Scale Mail Armor
31:24 Town Watch
32:05 Hand Cart
32:20 Bodkin Arrow
32:41 Leather Archer Armor
32:51 Arbalester
34:09 Crop Rotation
34:31 Ballistics
34:47 Conscription
35:18 Squires
35:04 Arson
36:32 Chemistry
35:13 Treadmill Crane
36:20 Ring Archer Armor
35:50 Bracer
37:12 Forging
37:17 Chain Mail Armor
38:57 Plate Mail Armor
39:02 Iron Casting
38:25 Murder Holes
38:16 Arrowslits
38:48 Town Patrol
38:13 Pikeman
38:30 Elite Genoese Crossbowman
40:23 Pirotechnia
40:23 Scale Barding Armor
41:10 Coinage
40:51 Guilds
40:41 Caravan
41:19 Masonry
41:43 Silk Road
40:51 Cavalier
41:57 Chain Barding Armor
42:37 Blast Furnace
44:34 Plate Barding Armor
44:01 Herbal Medicine
47:14 Onager
47:21 Onager
ale544
7:44 Loom
11:15 Feudal Age
11:48 Double-Bit Axe
12:51 Wheelbarrow
19:00 Castle Age
16:58 Horse Collar
18:29 Gold Mining
27:26 Forging
29:29 Hand Cart
34:37 Imperial Age
34:06 Bow Saw
34:11 Heavy Plow
33:40 Pikeman
36:48 Halberdier
37:14 Gambesons
37:30 Squires
38:40 Iron Casting
38:07 Scale Mail Armor
39:50 Conscription
44:27 Crop Rotation
52:41 Two-Man Saw
52:19 Gold Shaft Mining
51:36 Stone Mining
51:43 Stone Mining
53:01 Chemistry
52:22 Ballistics
53:23 Scale Barding Armor
52:54 Elite Cataphract
54:00 Chain Mail Armor
56:54 Treadmill Crane
57:10 Murder Holes
59:12 Capped Ram
Connection lost

Rejoining the realm…

Still unreachable

The connection could not be restored.

Session expired

The server has moved on; the page needs a fresh start.